 Dungeon Crawl Stone Soup version 0.30.0-29-ga12c61a403 (webtiles) character file.

Game seed: 9168432091593895262

279 qw the Chopper (level 6, -3/38 HPs)
             Began as a Gargoyle Fighter on June 4, 2023.
             Slain by an orc
             ... wielding a +0 war axe
              (4 damage)
             ... on level 4 of the Dungeon.
             The game lasted 00:01:27 (2681 turns).

qw the Chopper (Gargoyle Fighter)                   Turns: 2681, Time: 00:01:28

Health: -3/38      AC: 12    Str: 22    XL:     6   Next: 26%
Magic:  6/6        EV:  9    Int:  8    God:
Gold:   242        SH:  4    Dex:  9    Spells: 5/5 levels left

rFire   + . .        Y - +0 war axe
rCold   . . .        c - +0 buckler
rNeg    + . .        b - +0 scale mail
rPois   inf          (no helmet)
rElec   +            (no cloak)
rCorr   +            k - +0 pair of gloves
SInv    .            (no boots)
Will    .....        (no amulet) Stlth
                     g - ring of protection from fire
HPRegen 0.26/turn    a - ring of resist corrosion
MPRegen 0.10/turn

%: no passive effects
@: no status effects
A: sickness immunity, AC +4, negative energy resistance 1, electricity
resistance, torment resistance 1, petrification resistance
a: no special abilities


You were on level 4 of the Dungeon.
You visited 1 branch of the dungeon, and saw 4 of its levels.

You collected 242 gold pieces.


Innate Abilities, Weirdness & Mutations

You are immune to sickness and miasma.
Your stone body is resilient. (AC +4)
You are immune to poison.
You resist negative energy. (rN+)
You are resistant to electric shocks. (rElec)
You are resistant to unholy torment.
You are immune to petrification.


   Skills:
 - Level 4.0 Fighting
 - Level 5.3 Axes
 - Level 1.0 Throwing
 - Level 3.2 Armour
 + Level 0.0 Dodging
 - Level 3.2 Shields


You had 5 spell levels left.
You didn't know any spells.
Your spell library was empty.

Inventory:

Hand Weapons
 e - a +0 hand axe of flaming
 Y - a +0 war axe (weapon)
Missiles
 l - a javelin (quivered)
Armour
 b - a +0 scale mail (worn)
 c - a +0 buckler (worn)
 k - a +0 pair of gloves (worn)
Jewellery
 a - a ring of resist corrosion (right hand)
 g - a ring of protection from fire (left hand)
Scrolls
 f - a scroll of identify
 j - a scroll of enchant armour {unknown}
Potions
 d - 3 potions of might
 h - a potion of lignification
 i - a potion of curing {unknown}

Dungeon Overview and Level Annotations

Branches:
Dungeon (4/15)
 Temple: D:4-7

Altars:
Qazlal
Ru
Trog


Message History

You hear some strange, mumbled words.
Something tries to affect you, but you resist.
The orc completely misses you. The goblin hits you but does no damage.
The orc closely misses you. The orc wizard barely misses you.
Something hits you but does no damage. The orc barely misses you.
The goblin splashes around in the water.
The orc hits you but does no damage. Something hits you but does no damage.
The orc wizard hits you but does no damage.
The orc closely misses you.
The goblin splashes around in the water.
The orc hits you but does no damage.
The orc wizard hits you but does no damage.
Something hits you but does no damage. The dart slug launches a dart at you.
The slug dart hits something.
The orc barely misses you. The goblin closely misses you.
The orc hits you but does no damage. Something hits you.
The orc wizard closely misses you. The orc barely misses you.
The goblin barely misses you. The orc barely misses you.
The orc wizard mumbles some strange words.
The orc wizard flickers and vanishes!
Something hits you. The orc barely misses you.
The goblin hits you but does no damage. The orc completely misses you.
Something hits you but does no damage. Something hits you.
The orc hits you but does no damage.
The goblin splashes around in the water.
The orc hits you with a +0 short sword.
Something hits you but does no damage. x2
The orc hits you with a +0 war axe. The goblin hits you but does no damage.
The orc hits you with a +0 short sword. Something hits you but does no damage.
You hear a splashing noise.
The orc barely misses you. The goblin barely misses you.
The orc hits you but does no damage. Something hits you but does no damage.
You hear a splashing noise.
The orc hits you with a +0 war axe. The goblin hits you but does no damage.
The orc hits you with a +0 short sword.
Something hits you but does no damage. x2
You feel less confused. The orc hits you with a +0 war axe.
You die...

#..~~~P~~~~P~77# #.#
#.#P~~~~~~7### ...
#.##7~777P .###
#.##...# .#
#....#.###########.# #
##........... .....##
.# #<##.#######
#.#P#.7..P #.##.#
#oow~.~~~~ #.##.#
#@{O~~~~~~ #.##.#
####{g~~~~~~.
#.##.######...7h.~~~~~~
#.##...........P~~.~.~.
.. ##########...P~~~~.~
#.....7..PP ###...#####
#####


You could see an ogre, a hound, a dart slug, 2 orcs and a goblin.

Vanquished Creatures
  A scorpion (D:3)
  An iguana (D:3)
  A jelly (D:3)
  Ijyb (D:3)
  4 adders
  3 worms
  4 dart slugs
  6 orcs
  3 ball pythons
  8 bats
  8 endoplasms
  3 giant cockroaches
  6 goblins
  8 hobgoblins
  A jackal (D:3)
  4 kobolds
  2 quokkas
  6 frilled lizards
  7 rats
77 creatures vanquished.

Notes
Turn   | Place    | Note
-------+----------+-------------------------------------------
     0 | D:1      | qw the Gargoyle Fighter began the quest for the Orb.
     0 | D:1      | Reached XP level 1. HP: 14/14 MP: 1/1
     0 | D:1      | 0 ||| qw: Version: 0.2-a-106-g05974ce
     0 | D:1      | 0 ||| qw: Game counter: 1158
     0 | D:1      | 0 ||| qw: Always use a shield: true
     0 | D:1      | 0 ||| qw: God list: Okawaru
     0 | D:1      | 0 ||| qw: Allow faded altars: false
     0 | D:1      | 0 ||| qw: Do Orc after D:15 true
     0 | D:1      | 0 ||| qw: Do second Lair branch before Depths: true
     0 | D:1      | 0 ||| qw: Lair rune preference: random
     0 | D:1      | 0 ||| qw: Plans: Normal, Zot:1-4, Slime:5, God:TSO, Crypt,
                  | Tomb, Abyss, Pan, Hells, Win
     0 | D:1      | 0 ||| PLANNING D:1-11
    35 | D:1      | Reached skill level 2 in Axes
   156 | D:1      | Reached XP level 2. HP: 19/19 MP: 2/2
   443 | D:1      | 443 ||| Stepping ~*~*~tactically~*~*~ (stealth).
   447 | D:1      | Reached skill level 3 in Axes
   727 | D:1      | 727 ||| UPGRADING to ring of protection from fire.
   728 | D:1      | 728 ||| DROPPING ring of wizardry.
   729 | D:1      | 729 ||| READING scroll labelled SEIC QAAJIOH.
   730 | D:1      | 730 ||| READING scroll labelled ATWUSA OTUCKI.
   731 | D:1      | 731 ||| READING scroll labelled YFINIA AWKO.
   734 | D:1      | 734 ||| READING scroll labelled QAXYOMMIEF.
   753 | D:2      | Reached XP level 3. HP: 23/23 MP: 3/3
   852 | D:2      | Reached skill level 1 in Throwing
   864 | D:2      | 864 ||| Stepping ~*~*~tactically~*~*~ (hiding).
   866 | D:2      | 866 ||| Stepping ~*~*~tactically~*~*~ (hiding).
   868 | D:2      | 868 ||| Stepping ~*~*~tactically~*~*~ (hiding).
   996 | D:2      | 996 ||| Stepping ~*~*~tactically~*~*~ (hiding).
   997 | D:2      | 997 ||| Stepping ~*~*~tactically~*~*~ (hiding).
  1158 | D:2      | Found a stormy altar of Qazlal.
  1211 | D:2      | 1211 ||| DROPPING +0 club.
  1270 | D:2      | 1270 ||| Stepping ~*~*~tactically~*~*~ (stealth).
  1271 | D:2      | 1271 ||| Stepping ~*~*~tactically~*~*~ (stealth).
  1419 | D:2      | 1419 ||| UPGRADING to ring of resist corrosion.
  1420 | D:2      | 1420 ||| READING scroll labelled VAAXZATZAAD.
  1421 | D:2      | 1421 ||| READING scroll labelled FEVVUVVA YGIXUOT.
  1422 | D:2      | 1422 ||| READING scroll labelled ZOTODY NEGHO.
  1476 | D:3      | Found a bloodstained altar of Trog.
  1476 | D:3      | Found a sacrificial altar of Ru.
  1512 | D:3      | Reached XP level 4. HP: 28/28 MP: 4/4
  1516 | D:3      | 1516 ||| DROPPING +0 whip.
  1725 | D:3      | Noticed Ijyb
  1729 | D:3      | Paralysed by Ijyb for 2 turns
  1743 | D:3      | Killed Ijyb
  1744 | D:3      | Reached skill level 4 in Axes
  2082 | D:3      | Identified the +0 ring mail of Mireigycs {Rampage *Slow
                  | Str+3}
  2210 | D:3      | Reached XP level 5. HP: 32/32 MP: 5/5
  2306 | D:3      | 2306 ||| DROPPING +0 ring mail of Mireigycs {Rampage *Slow
                  | Str+3}.
  2307 | D:3      | 2307 ||| UPGRADING to +0 pair of gloves.
  2312 | D:3      | 2312 ||| READING 2 scrolls of identify.
  2312 | D:3      | 2312 ||| IDENTIFYING coppery potion
  2407 | D:4      | 2407 ||| STAIRDANCE
  2419 | D:3      | Reached skill level 5 in Axes
  2419 | D:3      | Reached XP level 6. HP: 25/37 MP: 6/6
  2470 | D:4      | 2470 ||| STAIRDANCE
  2485 | D:4      | 2485 ||| Stepping ~*~*~tactically~*~*~ (stealth).
  2486 | D:4      | 2486 ||| Stepping ~*~*~tactically~*~*~ (stealth).
  2497 | D:4      | 2497 ||| Stepping ~*~*~tactically~*~*~ (stealth).
  2499 | D:4      | 2499 ||| Stepping ~*~*~tactically~*~*~ (stealth).
  2502 | D:4      | 2502 ||| Stepping ~*~*~tactically~*~*~ (stealth).
  2503 | D:4      | 2503 ||| Stepping ~*~*~tactically~*~*~ (stealth).
  2509 | D:4      | 2509 ||| Stepping ~*~*~tactically~*~*~ (stealth).
  2648 | D:4      | 2648 ||| Stepping ~*~*~tactically~*~*~ (water).
  2676 | D:4      | HP: 9/38 [something (1)]
  2678 | D:4      | HP: 4/38 [orc/+0 short sword (1)]
  2680 | D:4      | HP: 1/38 [orc/+0 short sword (3)]
  2681 | D:4      | Slain by an orc

Levels and vault maps discovered:
D:1:      saegor_arrival_under_anarchy, layout_basic
D:2:      layout_rooms, basic_altar, skrybe_limestone_x
D:3:      minmay_bubble_buster, layout_loops_ring,
          gammafunk_temple_overflow_statue, uniq_ijyb
D:4:      layout_loops_ring, old_standard_altar, serial_shops, shop,
          serial_bayou, serial_bayou_shore_a, serial_bayou_pond_e,
          serial_bayou_pond_b, serial_bayou_ford_a, lightli_minifort,
          uniq_robin, uniq_menkaure

Skill      XL: |  1  2  3  4  5  6 |
---------------+-------------------+-----
Axes           | 2 3 4 5 |  5.3
Throwing       | 1 |  1.0
Fighting       | 4 |  4.0
Armour         | |  3.2
Shields        | |  3.2

Action                     |  1- 3 |  4- 6 || total
---------------------------+-------+-------++-------
  Melee: War axe           |    91 |   106 ||   197
  Throw: Javelin           |    20 |    11 ||    31
    Use: Scroll            |     7 |     1 ||     8
 Armour: Scale mail        |    37 |   101 ||   138
  Dodge: Dodged            |    39 |   107 ||   146
  Block: Buckler           |    19 |    20 ||    39

Table legend:
 A = Non-vault XP
 B = Vault XP
 C = Vault XP percentage of total XP
 D = Non-vault monster count
 E = Vault monster count
 F = Vault count percentage of total count
                 A         B        C        D         E       F
            +---------+---------+-------+---------+---------+-------
      Total |     322 |      77 |  19.3 |      59 |      18 |  23.4
            +---------+---------+-------+---------+---------+-------
        D:1 |      33 |       0 |   0.0 |      21 |       0 |   0.0
        D:2 |      48 |       0 |   0.0 |      16 |       0 |   0.0
        D:3 |     211 |      72 |  25.4 |      14 |      17 |  54.8
        D:4 |      30 |       5 |  14.3 |       8 |       1 |  11.1
            +---------+---------+-------+---------+---------+-------
